 Dungeon Crawl Stone Soup version 0.29.0-4-gdea44cf6ec (webtiles) character file.

Game seed: 6858382333460731232

17173 qw the Blocker (level 12, 0/73 HPs)
             Began as a Gargoyle Fighter on Sept 6, 2022.
             Was a High Priest of Okawaru.
             Killed from afar by a wizard (37 damage)
             ... with a fireball
             ... on level 11 of the Dungeon.
             The game lasted 00:05:18 (10654 turns).

qw the Blocker (Gargoyle Fighter)                  Turns: 10654, Time: 00:05:19

Health: 0/73       AC: 28    Str: 26    XL:     12   Next: 45%
Magic:  19/19      EV:  9    Int:  8    God:    Okawaru [*****.]
Gold:   392        SH: 15    Dex:  9    Spells: 11/11 levels left

rFire   . . .      SeeInvis .   Y - +6 war axe (flame)
rCold   . . .      Faith    .   f - +0 tower shield
rNeg    + . .      Spirit   .   q - +0 plate armour
rPois   inf        Reflect  .   j - +0 helmet
rElec   +          Harm     .   l - +0 cloak
rCorr   .          Rampage  .   y - +1 pair of gloves
Will    +....      Clarity  +   m - +0 pair of boots
Stlth   .......... Rnd*Tele +   (no amulet)
HPRegen 0.22/turn               u - +4 ring of evasion
MPRegen 0.16/turn               w - ring of willpower

@: unable to read
A: sickness immunity, AC +8, negative energy resistance 1, electricity
resistance, torment resistance 1, petrification resistance, clarity, robust 1,
subdued magic 1, [frail 1], [screaming 2], [teleportitis 2], [inability to read
after injury 1]
a: Renounce Religion, Heroism, Finesse, Duel


You were on level 11 of the Dungeon.
You worshipped Okawaru.
Okawaru was extremely pleased with you.
You visited 2 branches of the dungeon, and saw 12 of its levels.
You visited the Abyss 1 time.

You collected 692 gold pieces.
You spent 300 gold pieces at shops.


Innate Abilities, Weirdness & Mutations

You are immune to sickness and miasma.
Your stone body is resilient. (AC +8)
You are immune to poison.
You resist negative energy. (rN+)
You are resistant to electric shocks. (rElec)
You are resistant to unholy torment.
You are immune to petrification.
You possess an exceptional clarity of mind.
You are robust. (+10% HP)
Your spells are a little easier to cast, but a little less powerful.
[You are frail. (-10% HP)]
[You frequently scream uncontrollably at your foes.]
[You are often teleported next to monsters.]
[You occasionally lose the ability to read scrolls when taking damage.]


   Skills:
 - Level 8.0 Fighting
 - Level 11.0 Axes
 - Level 3.0 Throwing
 - Level 7.0 Armour
 - Level 1.9 Dodging
 + Level 11.3 Shields
 + Level 9.5 Invocations


You had 11 spell levels left.
You didn't know any spells.
Your spell library was empty.

Inventory:

Hand Weapons
 Y - a +6 war axe of flaming (weapon)
Missiles
 c - 6 boomerangs
 h - 4 silver javelins (quivered)
Armour
 a - a +2 hat
 f - a +0 tower shield (worn)
 j - a +0 helmet (worn)
 l - a +0 cloak (worn)
 m - a +0 pair of boots (worn)
 q - a +0 plate armour (worn)
 y - a +1 pair of gloves (worn)
Jewellery
 u - a +4 ring of evasion (left hand)
 v - a ring of fire
 w - a ring of willpower (right hand)
Scrolls
 n - a scroll of acquirement {unknown}
 o - 9 scrolls of teleportation
 p - 3 scrolls of identify
 s - a scroll of blinking
Potions
 b - a potion of cancellation
 d - 4 potions of might
 g - a potion of haste {unknown}
 i - 2 potions of lignification
 k - 2 potions of mutation
 t - 10 potions of curing
 x - a potion of attraction

Dungeon Overview and Level Annotations

Branches:
Dungeon (11/15)            Temple (1/1) D:5            Lair (0/5) D:11
    Orc (0/2) D:10

Altars:
Ashenzari
Cheibriados
Dithmenos
Elyvilon
Fedhas
Gozag
Hepliaklqana
Kikubaaqudgha
Makhleb
Nemelex Xobeh
Okawaru
Qazlal
Ru
Sif Muna
Trog
Vehumet
Wu Jian
Xom
Yredelemnul
Zin
The Shining One

Shops:
D:8 =   D:10 (

Annotations:
D:3 2 transporters, qw's ghost, amateur FoCA
D:4 4 runed translucent doors


Message History

You slice the raiju!! You burn the raiju.
You kill the raiju!
Okawaru accepts your kill.
You feel the corruption within you wane somewhat.
You feel robust.
You lose the ability to read scrolls when taking damage less often.
Your body's shape seems more normal.
10620 ||| FLEEEEING.
10621 ||| FLEEEEING.
10622 ||| FLEEEEING.
10623 ||| FLEEEEING.
You feel like a meek peon again.
10624 ||| FLEEEEING.
You feel a little less agile now.
You start resting.
You feel strangely unstable.
You are yanked towards a nearby monster!
Your surroundings suddenly seem different.
The wizard casts a spell.
The wizard flickers and vanishes!
You start resting.
Something hits you but does no damage.
Deactivating autopickup; reactivate with Ctrl-A.
You miss something. Something hits you but does no damage.
You barely miss something. Something hits you but does no damage.
You closely miss something. You block something's attack.
Something hits you but does no damage.
You hit something. You burn something. You block something's attack.
You hit something. You burn something. You block something's attack.
You hit something. You burn something.
You hear some strange, mumbled words.
A fireball appears from out of thin air!
The fireball explodes!
The fireball engulfs you!!!
You feel threatened and lose the ability to read scrolls!
Ouch! That really hurt!
You die...

#..........¤~¤~¤¤~#.....#¤#p?#~~
#...........~~#.#¤¤~.¤~.#~#..#¤¤
##...........~~+..~~#¤¤#..~#..#~¤
.............~¤#¤%....¤~[#~#..#¤¤
.............~¤~¤~¤###~#.'.'..#¤¤
.............¤¤¤~¤~~~~~###~####¤~
######''#.......¤~~~¤~~~¤¤~¤~~~¤~
#.......#.......{....~~¤¤~~~~~~¤.
#.......#.......@................
#.......#........................
#.......#..................###'##
#.......#..................#....#
######'##..................#....#
..................#+###+##.#....#
......#######.....#......#.#....#
......#.....#.....+......#.#....+
......#.....#.....#......#)#....#


There were no monsters in sight!

Vanquished Creatures
  A tentacled starspawn (Abyss:2)
  Fannar (D:10)
  Erolcha (D:10)
  A hydra (D:10)
  Urug (D:10)
  2 thrashing horrors (Abyss:2)
  A wretched star (Abyss:2)
  A large abomination (Abyss:2)
  A sixfirhy (Abyss:2)
  A wizard (D:11)
  3 oklob plants (D:11)
  A worldbinder (Abyss:2)
  An apocalypse crab (Abyss:2)
  A kobold demonologist (D:9)
  A komodo dragon (D:11)
  Grinder (D:6)
  2 raiju (D:11)
  Sigmund (D:5)
  3 vampires
  A wyvern (D:9)
  2 ynoxinuls (Abyss:2)
  A shadow (D:11)
  9 yaks (D:9)
  A steam dragon (D:8)
  A water moccasin (D:5)
  2 orc warriors (D:10)
  A black bear (D:6)
  3 ice beasts
  3 ogres
  2 sky beasts (D:7)
  4 centaurs
  3 phantoms
  8 kobold brigands (D:9)
  6 bullfrogs
  2 necrophages
  A gnoll sergeant (D:4)
  4 scorpions
  13 wights
  6 killer bees (D:9)
  5 howler monkeys
  3 hounds
  2 gnoll boudas
  4 orc priests
  Ijyb (D:3)
  4 orc wizards
  2 small abominations (Abyss:2)
  12 gnolls
  10 adders
  2 shadow imps (D:9)
  3 white imps
  2 ufetubi
  A worm (D:2)
  6 dart slugs
  24 orcs
  12 endoplasms
  A giant cockroach (D:4)
  8 goblins
  12 hobgoblins
  13 jackals
  5 quokkas
  11 ball pythons
  7 bats
  2 frilled lizards (D:2)
  30 kobolds
  12 kobold skeletons (D:9)
  6 kobold zombies (D:9)
  5 rats
  A starspawn tentacle (Abyss:2)
304 creatures vanquished.

Vanquished Creatures (others)
  A sky beast (D:8)
  A fungus (D:6)
  4 plants
  4 starspawn tentacles (Abyss:2)
10 creatures vanquished.

Grand Total: 314 creatures vanquished

Notes
Turn   | Place    | Note
-------+----------+-------------------------------------------
     0 | D:1      | qw the Gargoyle Fighter began the quest for the Orb.
     0 | D:1      | Reached XP level 1. HP: 14/14 MP: 1/1
     0 | D:1      | 0 ||| qw: Version: 0.1-a-108-g9e35731
     0 | D:1      | 0 ||| qw: Game counter: 6306
     0 | D:1      | 0 ||| qw: Always use a shield: true
     0 | D:1      | 0 ||| qw: God list: Okawaru
     0 | D:1      | 0 ||| qw: Allow faded altars: false
     0 | D:1      | 0 ||| qw: Do Orc after D:15 true
     0 | D:1      | 0 ||| qw: Do second Lair branch before Depths: true
     0 | D:1      | 0 ||| qw: Lair rune preference: random
     0 | D:1      | 0 ||| qw: Plans: Normal, Zot, God:TSO, Crypt, Tomb, Zig,
                  | Orb
     0 | D:1      | 0 ||| PLANNING D:1-11
   195 | D:1      | 195 ||| Stepping ~*~*~tactically~*~*~ (stealth).
   205 | D:1      | Reached XP level 2. HP: 15/19 MP: 2/2
   214 | D:1      | 214 ||| Stepping ~*~*~tactically~*~*~ (stealth).
   215 | D:1      | 215 ||| Stepping ~*~*~tactically~*~*~ (stealth).
   256 | D:1      | 256 ||| Stepping ~*~*~tactically~*~*~ (stealth).
   257 | D:1      | 257 ||| Stepping ~*~*~tactically~*~*~ (stealth).
   407 | D:1      | Found a faded altar of an unknown god.
   570 | D:1      | Reached skill level 3 in Axes
   649 | D:1      | 649 ||| UPGRADING to +0 pair of gloves.
   658 | D:1      | Reached XP level 3. HP: 22/23 MP: 3/3
   966 | D:1      | 966 ||| READING scroll labelled UTEMPYSIGU.
   971 | D:1      | 971 ||| READING scroll labelled SAFFUI PELLOV DIE.
   995 | D:2      | 995 ||| STAIRDANCE
  1126 | D:2      | Reached XP level 4. HP: 28/28 MP: 4/4
  1184 | D:2      | 1184 ||| Stepping ~*~*~tactically~*~*~ (hiding).
  1185 | D:2      | 1185 ||| Stepping ~*~*~tactically~*~*~ (hiding).
  1212 | D:2      | 1212 ||| Stepping ~*~*~tactically~*~*~ (stealth).
  1214 | D:2      | 1214 ||| Stepping ~*~*~tactically~*~*~ (stealth).
  1284 | D:2      | Identified the +1 robe of Devotion {Str+6}
  1302 | D:2      | Found a white marble altar of Elyvilon.
  1615 | D:2      | 1615 ||| UPGRADING to +0 pair of boots.
  1620 | D:2      | 1620 ||| UPGRADING to +0 plate armour.
  1630 | D:2      | 1630 ||| DROPPING +0 scale mail.
  1631 | D:2      | 1631 ||| UPGRADING to amulet of guardian spirit.
  1636 | D:2      | 1636 ||| READING scroll labelled MEINKIR GIUQUR.
  1637 | D:2      | 1637 ||| READING scroll labelled MONNEOF PEIRI.
  1638 | D:2      | 1638 ||| READING scroll labelled TIOQ NEILUSH.
  1661 | D:3      | Noticed an ogre
  1662 | D:3      | Noticed qw's ghost (amateur FoCA)
  1662 | D:3      | Noticed Ijyb
  1664 | D:3      | Found a transporter.
  1664 | D:3      | Noticed an ogre
  1667 | D:3      | Noticed an ogre
  1695 | D:3      | Killed Ijyb
  1786 | D:3      | Found a transporter.
  1956 | D:3      | 1956 ||| DROPPING +0 club.
  1966 | D:3      | 1966 ||| Stepping ~*~*~tactically~*~*~ (stealth).
  1967 | D:3      | 1967 ||| Stepping ~*~*~tactically~*~*~ (stealth).
  1971 | D:3      | 1971 ||| Stepping ~*~*~tactically~*~*~ (stealth).
  1978 | D:3      | Reached XP level 5. HP: 32/32 MP: 5/5
  2151 | D:3      | 2151 ||| UPGRADING to +0 cloak.
  2156 | D:3      | 2156 ||| UPGRADING to +0 kite shield.
  2166 | D:3      | 2166 ||| DROPPING +0 buckler.
  2167 | D:3      | 2167 ||| READING scroll labelled BYLOFEL PEMIY.
  2168 | D:3      | 2168 ||| DRINKING 2 sedimented coppery potions.
  2169 | D:3      | 2169 ||| DROPPING potion of flight.
  2188 | D:4      | 2188 ||| STAIRDANCE
  2202 | D:4      | 2202 ||| STAIRDANCE
  2248 | D:4      | Found an ancient bone altar of Kikubaaqudgha.
  2257 | D:4      | 2257 ||| Stepping ~*~*~tactically~*~*~ (hiding).
  2258 | D:4      | 2258 ||| Stepping ~*~*~tactically~*~*~ (hiding).
  2314 | D:4      | Reached XP level 6. HP: 37/37 MP: 6/6
  2324 | D:4      | 2324 ||| Stepping ~*~*~tactically~*~*~ (stealth).
  2326 | D:4      | 2326 ||| Stepping ~*~*~tactically~*~*~ (hiding).
  2358 | D:4      | 2358 ||| FLEEEEING.
  2359 | D:4      | 2359 ||| FLEEEEING.
  2360 | D:4      | 2360 ||| FLEEEEING.
  2361 | D:4      | 2361 ||| FLEEEEING.
  2362 | D:4      | 2362 ||| FLEEEEING.
  2363 | D:4      | 2363 ||| FLEEEEING.
  2364 | D:4      | 2364 ||| FLEEEEING.
  2365 | D:4      | 2365 ||| FLEEEEING.
  2366 | D:4      | 2366 ||| FLEEEEING.
  2367 | D:4      | 2367 ||| FLEEEEING.
  2369 | D:4      | 2369 ||| FLEEEEING.
  2371 | D:4      | 2371 ||| FLEEEEING.
  2372 | D:4      | 2372 ||| FLEEEEING.
  2373 | D:4      | 2373 ||| FLEEEEING.
  2374 | D:4      | 2374 ||| FLEEEEING.
  2375 | D:4      | 2375 ||| FLEEEEING.
  2376 | D:4      | 2376 ||| FLEEEEING.
  2377 | D:4      | 2377 ||| FLEEEEING.
  2378 | D:4      | 2378 ||| FLEEEEING.
  2379 | D:4      | 2379 ||| FLEEEEING.
  2380 | D:4      | 2380 ||| FLEEEEING.
  2381 | D:4      | 2381 ||| FLEEEEING.
  2382 | D:4      | 2382 ||| FLEEEEING.
  2383 | D:4      | 2383 ||| FLEEEEING.
  2384 | D:4      | 2384 ||| FLEEEEING.
  2385 | D:4      | 2385 ||| FLEEEEING.
  2386 | D:4      | 2386 ||| FLEEEEING.
  2387 | D:4      | 2387 ||| FLEEEEING.
  2388 | D:4      | 2388 ||| FLEEEEING.
  2389 | D:4      | 2389 ||| FLEEEEING.
  2390 | D:4      | 2390 ||| FLEEEEING.
  2391 | D:4      | 2391 ||| FLEEEEING.
  2392 | D:4      | 2392 ||| FLEEEEING.
  2393 | D:4      | 2393 ||| FLEEEEING.
  2394 | D:4      | 2394 ||| FLEEEEING.
  2395 | D:4      | 2395 ||| FLEEEEING.
  2396 | D:4      | 2396 ||| FLEEEEING.
  2397 | D:4      | 2397 ||| FLEEEEING.
  2398 | D:4      | 2398 ||| FLEEEEING.
  2399 | D:4      | 2399 ||| FLEEEEING.
  2400 | D:4      | 2400 ||| STAIRDANCE
  2597 | D:4      | 2597 ||| Stepping ~*~*~tactically~*~*~ (stealth).
  2598 | D:4      | 2598 ||| Stepping ~*~*~tactically~*~*~ (stealth).
  2599 | D:4      | Found a large runed translucent door.
  2600 | D:4      | 2600 ||| Stepping ~*~*~tactically~*~*~ (stealth).
  2601 | D:4      | Found a large runed translucent door.
  2621 | D:4      | Noticed a two-headed ogre
  2628 | D:4      | Found a large runed translucent door.
  2628 | D:4      | Found a large runed translucent door.
  2640 | D:4      | You fall into a shaft and drop 1 floor!
  2640 | D:5      | Entered Level 5 of the Dungeon
  2664 | D:4      | 2664 ||| Stepping ~*~*~tactically~*~*~ (stealth).
  2677 | D:4      | Reached skill level 1 in Throwing
  2681 | D:4      | 2681 ||| FLEEEEING.
  2683 | D:4      | 2683 ||| FLEEEEING.
  2684 | D:4      | 2684 ||| FLEEEEING.
  2691 | D:4      | 2691 ||| FLEEEEING.
  2692 | D:4      | 2692 ||| DRINKING 2 potions of curing.
  2692 | D:4      | 2692 ||| (to cure confusion)
  2695 | D:4      | 2695 ||| FLEEEEING.
  2696 | D:4      | 2696 ||| FLEEEEING.
  2697 | D:4      | 2697 ||| FLEEEEING.
  2698 | D:4      | 2698 ||| FLEEEEING.
  2700 | D:4      | 2700 ||| FLEEEEING.
  2702 | D:4      | 2702 ||| FLEEEEING.
  2703 | D:4      | 2703 ||| FLEEEEING.
  2704 | D:4      | 2704 ||| FLEEEEING.
  2705 | D:4      | 2705 ||| FLEEEEING.
  2716 | D:4      | 2716 ||| STAIRDANCE
  2966 | D:4      | 2966 ||| DROPPING +0 whip.
  3088 | D:4      | 3088 ||| Stepping ~*~*~tactically~*~*~ (stealth).
  3090 | D:4      | 3090 ||| Stepping ~*~*~tactically~*~*~ (hiding).
  3175 | D:4      | 3175 ||| Stepping ~*~*~tactically~*~*~ (stealth).
  3176 | D:4      | 3176 ||| Stepping ~*~*~tactically~*~*~ (stealth).
  3183 | D:4      | Reached XP level 7. HP: 27/44 MP: 4/7
  3227 | D:4      | 3227 ||| Stepping ~*~*~tactically~*~*~ (stealth).
  3342 | D:4      | 3342 ||| FLEEEEING.
  3343 | D:4      | 3343 ||| FLEEEEING.
  3344 | D:4      | 3344 ||| FLEEEEING.
  3345 | D:4      | 3345 ||| FLEEEEING.
  3346 | D:4      | 3346 ||| FLEEEEING.
  3347 | D:4      | 3347 ||| FLEEEEING.
  3351 | D:4      | 3351 ||| FLEEEEING.
  3352 | D:4      | 3352 ||| FLEEEEING.
  3355 | D:4      | 3355 ||| FLEEEEING.
  3356 | D:4      | 3356 ||| FLEEEEING.
  3357 | D:4      | 3357 ||| FLEEEEING.
  3369 | D:4      | 3369 ||| FLEEEEING.
  3370 | D:4      | 3370 ||| FLEEEEING.
  3371 | D:4      | 3371 ||| FLEEEEING.
  3447 | D:4      | 3447 ||| Stepping ~*~*~tactically~*~*~ (stealth).
  3551 | D:4      | Reached skill level 6 in Axes
  3554 | D:4      | Reached skill level 6 in Shields
  3557 | D:4      | 3557 ||| Stepping ~*~*~tactically~*~*~ (stealth).
  3563 | D:4      | Reached XP level 8. HP: 28/48 MP: 4/8
  3763 | D:4      | 3763 ||| READING scroll of enchant weapon.
  3763 | D:4      | 3763 ||| ENCHANTING +1 war axe.
  3960 | D:4      | 3960 ||| UPGRADING to +4 ring of evasion.
  3961 | D:4      | 3961 ||| DRINKING 2 lumpy coppery potions.
  3980 | D:5      | 3980 ||| READING 5 scrolls of teleportation.
  4003 | D:5      | 4003 ||| Stepping ~*~*~tactically~*~*~ (stealth).
  4039 | D:5      | Found a staircase to the Ecumenical Temple.
  4040 | D:5      | 4040 ||| PLANNING TEMPLE
  4044 | D:5      | 4044 ||| Stepping ~*~*~tactically~*~*~ (hiding).
  4048 | D:5      | Noticed Sigmund
  4057 | D:5      | 4057 ||| DRINKING potion of curing.
  4057 | D:5      | 4057 ||| (to cure confusion)
  4081 | D:5      | Killed Sigmund
  4101 | D:5      | 4101 ||| Stepping ~*~*~tactically~*~*~ (stealth).
  4102 | D:5      | 4102 ||| Stepping ~*~*~tactically~*~*~ (stealth).
  4258 | D:5      | 4258 ||| Stepping ~*~*~tactically~*~*~ (stealth).
  4259 | D:5      | 4259 ||| Stepping ~*~*~tactically~*~*~ (stealth).
  4273 | Temple   | Entered the Ecumenical Temple
  4280 | Temple   | Became a worshipper of Warmaster Okawaru
  4281 | Temple   | 4281 ||| REMOVING amulet of guardian spirit.
  4293 | Temple   | 4293 ||| PLANNING D:1-11
  4293 | Temple   | 4293 ||| DROPPING amulet of guardian spirit.
  4294 | Temple   | 4294 ||| DRINKING 2 fizzy cyan potions.
  4295 | Temple   | 4295 ||| DROPPING potion of degeneration.
  4407 | D:5      | 4407 ||| READING 5 scrolls of teleportation.
  4688 | D:5      | 4688 ||| DRINKING 3 glowing red potions.
  4688 | D:5      | Gained mutation: You possess an exceptional clarity of
                  | mind. [potion of mutation]
  4688 | D:5      | Gained mutation: Your spells are a little easier to cast,
                  | but a little less powerful. [potion of mutation]
  4688 | D:5      | Gained mutation: You are robust. (+10% HP) [potion of
                  | mutation]
  4707 | D:5      | 4707 ||| READING 5 scrolls of teleportation.
  4795 | D:5      | 4795 ||| READING 4 scrolls of teleportation.
  4823 | D:5      | 4823 ||| READING 3 scrolls of teleportation.
  5042 | D:5      | Found an ornate altar of the Wu Jian Council.
  5142 | D:5      | 5142 ||| READING scroll labelled FYUMETH ZUORCH.
  5221 | D:6      | 5221 ||| Stepping ~*~*~tactically~*~*~ (stealth).
  5230 | D:6      | 5230 ||| SWAPPING to +4 war axe.
  5231 | D:6      | 5231 ||| DROPPING +2 war axe.
  5247 | D:6      | Reached XP level 9. HP: 59/59 MP: 9/9
  5253 | D:6      | 5253 ||| Stepping ~*~*~tactically~*~*~ (stealth).
  5270 | D:6      | Reached * piety under Okawaru
  5363 | D:6      | Found a broken altar of Ashenzari.
  5370 | D:6      | 5370 ||| Stepping ~*~*~tactically~*~*~ (hiding).
  5377 | D:6      | 5377 ||| INVOKING Heroism.
  5388 | D:6      | Reached skill level 6 in Fighting
  5415 | D:6      | Noticed Grinder
  5416 | D:6      | 5416 ||| INVOKING Heroism.
  5420 | D:6      | Paralysed by Grinder for 5 turns
  5425 | D:6      | 5425 ||| Stepping ~*~*~tactically~*~*~ (hiding).
  5425 | D:6      | Found a sacrificial altar of Ru.
  5428 | D:6      | 5428 ||| INVOKING Heroism.
  5435 | D:6      | Killed Grinder
  5436 | D:6      | Reached skill level 1 in Dodging
  5486 | D:6      | 5486 ||| INVOKING Heroism.
  5493 | D:6      | Reached skill level 1 in Invocations
  5594 | D:6      | Found a stormy altar of Qazlal.
  5598 | D:6      | Found a blossoming altar of Fedhas.
  5667 | D:6      | 5667 ||| UPGRADING to ring of willpower.
  5668 | D:6      | 5668 ||| READING scroll labelled IPUUGO NYNO.
  5682 | D:7      | 5682 ||| INVOKING Heroism.
  5698 | D:7      | 5698 ||| STAIRDANCE
  5909 | D:7      | Reached skill level 3 in Invocations
  5922 | D:7      | 5922 ||| Stepping ~*~*~tactically~*~*~ (hiding).
  5944 | D:7      | 5944 ||| INVOKING Heroism.
  5972 | D:7      | 5972 ||| DROPPING +0 flail.
  6016 | D:7      | 6016 ||| INVOKING Heroism.
  6027 | D:7      | Reached XP level 10. HP: 67/67 MP: 11/13
  6032 | D:7      | Reached ** piety under Okawaru
  6205 | D:7      | Found a glowing silver altar of Zin.
  6357 | D:7      | Found a shimmering blue altar of Sif Muna.
  6543 | D:8      | Found a bloodstained altar of Trog.
  6553 | D:8      | Found Joch's Jewellery Emporium.
  6561 | D:8      | 6561 ||| SHOPLISTING +4 ring of protection (432 gold, have
                  | 406).
  6561 | D:8      | 6561 ||| BUYING ring of fire (300 gold).
  6561 | D:8      | Bought a ring of fire for 300 gold pieces
  6561 | D:8      | 6561 ||| SHOPLISTING ring of the Prince {Fly rF++} (504
                  | gold, have 106).
  6567 | D:8      | 6567 ||| Stepping ~*~*~tactically~*~*~ (hiding).
  6569 | D:8      | 6569 ||| Stepping ~*~*~tactically~*~*~ (hiding).
  6571 | D:8      | 6571 ||| Stepping ~*~*~tactically~*~*~ (hiding).
  6581 | D:8      | Reached skill level 9 in Axes
  6601 | D:8      | 6601 ||| Stepping ~*~*~tactically~*~*~ (hiding).
  6609 | D:8      | 6609 ||| Stepping ~*~*~tactically~*~*~ (stealth).
  6612 | D:8      | 6612 ||| Stepping ~*~*~tactically~*~*~ (stealth).
  6613 | D:8      | 6613 ||| INVOKING Heroism.
  6624 | D:8      | Reached skill level 6 in Armour
  6803 | D:8      | 6803 ||| INVOKING Heroism.
  6804 | D:8      | 6804 ||| Stepping ~*~*~tactically~*~*~ (cloud).
  6809 | D:8      | 6809 ||| Stepping ~*~*~tactically~*~*~ (cloud).
  6811 | D:8      | 6811 ||| Stepping randomly (cloudy).
  7258 | D:8      | 7258 ||| UPGRADING to +1 pair of gloves.
  7268 | D:8      | 7268 ||| DROPPING +0 pair of gloves.
  7269 | D:8      | 7269 ||| READING scroll labelled TEQEPAKUWK.
  7479 | D:9      | 7479 ||| INVOKING Heroism.
  7627 | D:9      | 7627 ||| READING scroll of enchant weapon.
  7627 | D:9      | 7627 ||| ENCHANTING +4 war axe.
  7686 | D:9      | 7686 ||| Stepping ~*~*~tactically~*~*~ (stealth).
  7694 | D:9      | Reached skill level 9 in Shields
  7697 | D:9      | 7697 ||| Stepping ~*~*~tactically~*~*~ (stealth).
  7775 | D:9      | 7775 ||| INVOKING Heroism.
  7780 | D:9      | Reached *** piety under Okawaru
  7868 | D:9      | Found a sparkling altar of Nemelex Xobeh.
  7923 | D:9      | 7923 ||| INVOKING Heroism.
  7952 | D:9      | 7952 ||| Stepping ~*~*~tactically~*~*~ (stealth).
  7954 | D:9      | 7954 ||| Stepping ~*~*~tactically~*~*~ (stealth).
  7989 | D:9      | Noticed a kobold demonologist
  7990 | D:9      | 7990 ||| INVOKING Heroism.
  7995 | D:9      | 7995 ||| Stepping ~*~*~tactically~*~*~ (stealth).
  8012 | D:9      | Killed a kobold demonologist
  8013 | D:9      | Reached XP level 11. HP: 64/74 MP: 14/14
  8021 | D:9      | 8021 ||| INVOKING Heroism.
  8030 | D:9      | 8030 ||| Stepping ~*~*~tactically~*~*~ (stealth).
  8053 | D:9      | 8053 ||| Stepping ~*~*~tactically~*~*~ (stealth).
  8055 | D:9      | 8055 ||| INVOKING Heroism.
  8090 | D:9      | Found an ancient bone altar of Kikubaaqudgha.
  8246 | D:9      | 8246 ||| Stepping ~*~*~tactically~*~*~ (hiding).
  8254 | D:9      | 8254 ||| INVOKING Heroism.
  8262 | D:9      | Found a burning altar of Makhleb.
  8276 | D:9      | 8276 ||| Stepping ~*~*~tactically~*~*~ (stealth).
  8279 | D:9      | 8279 ||| Stepping ~*~*~tactically~*~*~ (hiding).
  8288 | D:9      | 8288 ||| INVOKING Heroism.
  8308 | D:9      | Found a hazy altar of Hepliaklqana.
  8449 | D:9      | 8449 ||| READING scroll labelled GUDAUS IQIOKH.
  8450 | D:9      | 8450 ||| READING scroll labelled AFUTETU FATUE.
  8451 | D:9      | 8451 ||| DROPPING +1 morningstar.
  8452 | D:9      | 8452 ||| DRINKING 3 fizzy silvery potions.
  8453 | D:9      | 8453 ||| DRINKING 2 metallic silvery potions.
  8506 | D:9      | 8506 ||| DRINKING 2 fizzy ruby potions.
  8507 | D:9      | 8507 ||| READING 3 scrolls of identify.
  8507 | D:9      | 8507 ||| IDENTIFYING white potion
  8508 | D:9      | 8508 ||| READING 2 scrolls of identify.
  8508 | D:9      | 8508 ||| IDENTIFYING golden potion
  8509 | D:9      | 8509 ||| DROPPING potion of berserk rage.
  8510 | D:9      | 8510 ||| DROPPING 2 potions of invisibility.
  8511 | D:9      | 8511 ||| DROPPING potion of brilliance.
  8521 | D:10     | Entered Level 10 of the Dungeon
  8524 | D:10     | 8524 ||| Stepping ~*~*~tactically~*~*~ (hiding).
  8708 | D:10     | Noticed Fannar
  8709 | D:10     | 8709 ||| Stepping ~*~*~tactically~*~*~ (hiding).
  8710 | D:10     | 8710 ||| Stepping ~*~*~tactically~*~*~ (hiding).
  8720 | D:10     | 8720 ||| INVOKING Heroism.
  8726 | D:10     | Killed Fannar
  8726 | D:10     | Reached **** piety under Okawaru
  8762 | D:10     | 8762 ||| FLEEEEING.
  8763 | D:10     | 8763 ||| FLEEEEING.
  8764 | D:10     | 8764 ||| FLEEEEING.
  8765 | D:10     | 8765 ||| FLEEEEING.
  8766 | D:10     | 8766 ||| FLEEEEING.
  8768 | D:10     | 8768 ||| FLEEEEING.
  8769 | D:10     | 8769 ||| FLEEEEING.
  8772 | D:10     | 8772 ||| FLEEEEING.
  8773 | D:10     | 8773 ||| FLEEEEING.
  8774 | D:10     | 8774 ||| FLEEEEING.
  8775 | D:10     | 8775 ||| STAIRDANCE
  8888 | D:9      | 8888 ||| DRINKING 2 blue potions.
  8891 | D:10     | 8891 ||| INVOKING Heroism.
  8922 | D:10     | 8922 ||| Stepping ~*~*~tactically~*~*~ (stealth).
  8923 | D:10     | 8923 ||| Stepping ~*~*~tactically~*~*~ (stealth).
  8928 | D:10     | 8928 ||| Stepping ~*~*~tactically~*~*~ (hiding).
  8933 | D:10     | 8933 ||| INVOKING Heroism.
  8934 | D:10     | Noticed Urug
  8938 | D:10     | Noticed Erolcha
  8948 | D:10     | 8948 ||| INVOKING Heroism.
  8952 | D:10     | HP: 16/74 [Urug/+4 battleaxe (10)]
  8953 | D:10     | 8953 ||| READING 10 scrolls of teleportation.
  8954 | D:10     | 8954 ||| DRINKING 2 potions of heal wounds.
  8956 | D:10     | Killed Urug
  8974 | D:10     | 8974 ||| FLEEEEING.
  8975 | D:10     | 8975 ||| Stepping ~*~*~tactically~*~*~ (stealth).
  8976 | D:10     | 8976 ||| INVOKING Heroism.
  9019 | D:10     | 9019 ||| Stepping ~*~*~tactically~*~*~ (stealth).
  9040 | D:10     | 9040 ||| Stepping ~*~*~tactically~*~*~ (stealth).
  9060 | D:10     | 9060 ||| INVOKING Heroism.
  9080 | D:10     | Killed Erolcha
  9103 | D:10     | 9103 ||| INVOKING Heroism.
  9207 | D:10     | Found a staircase to the Orcish Mines.
  9215 | D:10     | Found Doec's Weapon Shoppe.
  9324 | D:10     | Noticed a seven-headed hydra
  9325 | D:10     | 9325 ||| Stepping ~*~*~tactically~*~*~ (hiding).
  9329 | D:10     | 9329 ||| Stepping ~*~*~tactically~*~*~ (hiding).
  9331 | D:10     | 9331 ||| INVOKING Heroism.
  9339 | D:10     | Killed a three-headed hydra
  9497 | D:10     | 9497 ||| UPGRADING to +0 tower shield.
  9507 | D:10     | 9507 ||| UPGRADING to +0 helmet.
  9512 | D:10     | 9512 ||| DROPPING +0 kite shield.
  9513 | D:10     | 9513 ||| READING 2 scrolls of identify.
  9513 | D:10     | 9513 ||| IDENTIFYING fizzy purple potion
  9514 | D:10     | 9514 ||| DROPPING potion of ambrosia.
  9570 | D:11     | 9570 ||| INVOKING Heroism.
  9577 | D:11     | Reached skill level 6 in Invocations
  9652 | D:11     | Noticed an oklob plant
  9652 | D:11     | Noticed an oklob plant
  9653 | D:11     | 9653 ||| INVOKING Heroism.
  9655 | D:11     | Found a staircase to the Lair.
  9655 | D:11     | Noticed an oklob plant
  9662 | D:11     | Killed an oklob plant
  9664 | D:11     | Killed an oklob plant
  9672 | D:11     | 9672 ||| DRINKING potion of cancellation.
  9673 | D:11     | Killed an oklob plant
  9889 | D:11     | Reached ***** piety under Okawaru
 10155 | D:11     | 10155 ||| READING scroll of enchant weapon.
 10155 | D:11     | 10155 ||| ENCHANTING +5 war axe of flaming.
 10323 | D:11     | Noticed a wizard
 10323 | D:11     | Noticed a wizard
 10330 | D:11     | 10330 ||| Stepping ~*~*~tactically~*~*~ (hiding).
 10336 | D:11     | Killed a wizard
 10337 | D:11     | 10337 ||| FLEEEEING.
 10346 | Abyss:2  | Cast into level 2 of the Abyss (a wizard)
 10395 | Abyss:2  | Noticed a worldbinder
 10399 | Abyss:2  | Noticed a manticore
 10399 | Abyss:2  | 10399 ||| INVOKING Heroism.
 10409 | Abyss:2  | Noticed a manticore
 10409 | Abyss:2  | Noticed a manticore
 10409 | Abyss:2  | Killed a worldbinder
 10418 | Abyss:2  | Noticed a wretched star
 10480 | Abyss:2  | Noticed a thrashing horror
 10482 | Abyss:2  | Noticed a thrashing horror
 10485 | Abyss:2  | 10485 ||| INVOKING Heroism.
 10490 | Abyss:2  | Killed a thrashing horror
 10491 | Abyss:2  | Reached XP level 12. HP: 48/80 MP: 14/17
 10501 | Abyss:2  | Killed a thrashing horror
 10501 | Abyss:2  | Received a gift from Okawaru
 10506 | Abyss:2  | Noticed a tentacled starspawn
 10508 | Abyss:2  | 10508 ||| Stepping ~*~*~tactically~*~*~ (hiding).
 10520 | Abyss:2  | Killed a tentacled starspawn
 10520 | Abyss:2  | Identified the +1 ring mail "Gytuicwi" {Slay+3} (Okawaru
                  | gifted it to you on level 2 of the Abyss)
 10520 | Abyss:2  | Received a gift from Okawaru
 10532 | Abyss:2  | 10532 ||| INVOKING Heroism.
 10536 | Abyss:2  | 10536 ||| Stepping ~*~*~tactically~*~*~ (cloud).
 10538 | Abyss:2  | HP: 17/80 [something (11)]
 10540 | Abyss:2  | 10540 ||| Stepping ~*~*~tactically~*~*~ (cloud).
 10543 | Abyss:2  | 10543 ||| Stepping ~*~*~tactically~*~*~ (cloud).
 10543 | Abyss:2  | HP: 11/80 [something (5)]
 10544 | Abyss:2  | 10544 ||| Stepping ~*~*~tactically~*~*~ (cloud).
 10545 | Abyss:2  | 10545 ||| Stepping ~*~*~tactically~*~*~ (cloud).
 10546 | Abyss:2  | 10546 ||| Stepping ~*~*~tactically~*~*~ (cloud).
 10562 | Abyss:2  | 10562 ||| Stepping ~*~*~tactically~*~*~ (stealth).
 10566 | Abyss:2  | 10566 ||| Stepping ~*~*~tactically~*~*~ (stealth).
 10574 | Abyss:2  | 10574 ||| Stepping ~*~*~tactically~*~*~ (stealth).
 10575 | Abyss:2  | 10575 ||| Stepping ~*~*~tactically~*~*~ (stealth).
 10586 | Abyss:2  | 10586 ||| DRINKING potion of heal wounds.
 10587 | Abyss:2  | 10587 ||| INVOKING Heroism.
 10589 | Abyss:2  | 10589 ||| Stepping ~*~*~tactically~*~*~ (hiding).
 10601 | Abyss:2  | Reached skill level 9 in Invocations
 10611 | Abyss:2  | Killed a wretched star
 10612 | Abyss:2  | Reached skill level 3 in Throwing
 10614 | D:11     | Escaped the Abyss
 10620 | D:11     | 10620 ||| FLEEEEING.
 10621 | D:11     | 10621 ||| FLEEEEING.
 10622 | D:11     | 10622 ||| FLEEEEING.
 10623 | D:11     | 10623 ||| FLEEEEING.
 10624 | D:11     | 10624 ||| FLEEEEING.
 10654 | D:11     | Killed from afar by a wizard

Levels and vault maps discovered:
D:1:      minmay_arrival_glassed_features, layout_basic,
          shapermc_ecumenical_altar_mp_urbaneastern
D:2:      layout_rooms, grunt_ministairs_10, minmay_hexomino_r4
D:3:      layout_rooms, gammafunk_ghost_smash, uniq_ijyb
D:4:      minmay_chambers_of_threes, layout_loops_cross,
          mainiacjoe_overflow_small_starburst, minivault_11, grunt_ministairs_9,
          minmay_hollow_rounded_squares
D:5:      layout_loops_ring, nzn_wu_jian_contemplation,
          minmay_temple_entry_tees, minmay_puff, uniq_sigmund
D:6:      layout_basic, grunt_temple_overflow_forces_of_nature,
          overflow_temple_1_default, cheibrodos_ashenzari_chains, uniq_grinder
D:7:      layout_basic, zin_treasury, mainiacjoe_overflow_alcove_2
D:8:      layout_rooms, mainiacjoe_overflow_six_doors_small, serial_shops, shop,
          hangedman_decor_peaks_small, wad_floor_pattern_untrapped, minivault_5
D:9:      wander_kiku_kobolds, layout_rooms, mainiacjoe_overflow_cross_hatched,
          nicolae_overflow_squiral, chequers_serial_rivers_micro_b
D:10:     layout_cave_pools, orc_david_3, st_stairs_7, skrybe_limestone_x,
          uniq_erolcha, uniq_fannar, uniq_urug
D:11:     cheibrodos_lost_city_excavation, layout_irregular_city,
          dpeg_oklobed_lair, kennysheep_flooded_box
Temple:   eino_temple_lava

Skill      XL: |  1  2  3  4  5  6  7  8  9 10 11 12 |
---------------+-------------------------------------+-----
Axes           | 2 3 4 5 6 7 8 10 11 | 11.0
Shields        | 4 5 6 7 8 9 10 11 | 11.3
Throwing       | 1 2 3 |  3.0
Fighting       | 4 5 6 7 8 |  8.0
Armour         | 5 7 |  7.0
Dodging        | 1 |  1.9
Invocations    | 4 7 9 |  9.5

Action                   |  1- 3 |  4- 6 |  7- 9 | 10-12 || total
-------------------------+-------+-------+-------+-------++-------
Melee: War axe           |    60 |   164 |   270 |   386 ||   880
       Unarmed           |       |    30 |       |       ||    30
Throw: Boomerang         |    27 |    46 |    32 |    46 ||   151
       Javelin           |       |       |       |     7 ||     7
Invok: Heroism           |       |       |     7 |    24 ||    31
  Use: Scroll            |     2 |     4 |     8 |     9 ||    23
       Potion            |       |     2 |     4 |     7 ||    13
Armor: Scale mail        |    46 |    45 |       |       ||    91
       Plate armour      |       |   128 |   151 |   190 ||   469
       Skin              |       |     5 |       |       ||     5
Dodge: Dodged            |    44 |    74 |    75 |   147 ||   340
Block: Buckler           |    18 |     7 |       |       ||    25
       Kite shield       |       |    52 |   123 |   155 ||   330
       Tower shield      |       |       |       |    74 ||    74

Table legend:
 A = Non-vault XP
 B = Vault XP
 C = Vault XP percentage of total XP
 D = Non-vault monster count
 E = Vault monster count
 F = Vault count percentage of total count
                 A         B        C        D         E       F
            +---------+---------+-------+---------+---------+-------
      Total |   15228 |    9306 |  37.9 |     190 |     114 |  37.5
            +---------+---------+-------+---------+---------+-------
        D:1 |      66 |       0 |   0.0 |      26 |       0 |   0.0
        D:2 |      30 |      15 |  33.3 |      15 |       8 |  34.8
        D:3 |      94 |      36 |  27.7 |      15 |       1 |   6.2
        D:4 |     325 |     978 |  75.1 |      23 |      29 |  55.8
        D:5 |     212 |     515 |  70.8 |      13 |       6 |  31.6
        D:6 |    1037 |     267 |  20.5 |      15 |       1 |   6.2
        D:7 |    1246 |       0 |   0.0 |      18 |       0 |   0.0
        D:8 |     922 |       0 |   0.0 |      15 |       0 |   0.0
        D:9 |    2712 |    1234 |  31.3 |      23 |      52 |  69.3
       D:10 |     442 |    3931 |  89.9 |       9 |      13 |  59.1
       D:11 |    1294 |    2330 |  64.3 |       5 |       4 |  44.4
    Abyss:2 |    6848 |       0 |   0.0 |      13 |       0 |   0.0
            +---------+---------+-------+---------+---------+-------
